Map: Jagannatha LE

Players

Strange

  • Race: Protoss Protoss
  • League: Master

Denver - Winner!

  • Race: Zerg Zerg
  • League: Master

Event: DreamHack SC2 Masters 2021 Summer

VOD

Have the link to the VOD?

Description

Time

  • Played on: May 29, 2021, 11:29 a.m.
  • Length: 8:08

All games in this series

Show
View Real Time Build Order
Export as new Build Order

Strange Protoss 

Build Orders: 1 Gate Expand, Oracle Opening 

Get SALT Encoding   

  12  0:00  Probe  
  13  0:12  Probe  
  14  0:20  Pylon  
  14  0:24  Probe  
  15  0:38  Probe (Chrono Boost), Gateway  
  16  0:47  Probe (Chrono Boost), Assimilator  
  17  0:52  Probe  
  18  1:04  Probe  
  19  1:16  Probe  
  20  1:25  Nexus  
  20  1:35  Cybernetics Core  
  20  1:38  Probe  
  21  1:45  Assimilator  
  21  1:50  Probe  
  22  1:55  Pylon  
  22  2:02  Probe (Chrono Boost)  
  23  2:12  Adept  
  23  2:14  Probe (Chrono Boost)  
  26  2:18  Stargate  
  27  2:23  Probe (Chrono Boost)  
  27  2:26  Warp Gate  
  27  2:30  Probe (Chrono Boost)  
  28  2:37  Probe (Chrono Boost)  
  28  2:42  Adept  
  32  2:46  Probe (Chrono Boost)  
  32  2:47  Probe (Chrono Boost)  
  33  2:53  Probe x2, Void Ray (Chrono Boost)  
  35  3:05  Probe x2  
  40  3:11  Pylon  
  41  3:17  Probe  
  42  3:21  Gateway  
  42  3:26  Oracle (Chrono Boost)  
  42  3:30  Probe, Assimilator  
  42  3:32  Probe  
  47  3:35  Assimilator  
  47  3:42  Probe  
  47  3:45  Probe  
  47  3:48  Twilight Council  
  49  3:52  Pylon  
  49  3:54  Probe  
  50  3:57  Probe  
  51  4:06  Probe  
  51  4:09  Probe  
  53  4:15  Gateway  
  53  4:16  Gateway  
  53  4:18  Probe  
  53  4:20  Gateway  
  53  4:21  Probe  
  53  4:23  Resonating Glaives (Chrono Boost)  
  55  4:30  Probe  
  56  4:31  Gateway  
  56  4:34  Probe  
  57  4:40  Pylon  
  57  4:45  Adept  
  59  4:46  Adept  
  59  4:49  Pylon  
  61  4:55  Protoss Air Weapons Level 1  
  61  5:05  Nexus  
  61  5:11  Adept x2  
  61  5:12  Adept  
  67  5:15  Adept  
  69  5:22  Pylon  
  69  5:23  Adept  
  69  5:26  Shield Battery  
  71  5:31  Adept x2  
  71  5:35  Adept  
  76  5:43  Adept  
  76  5:44  Adept  
  76  5:48  Adept  
  82  6:00  Adept x2  
  82  6:01  Adept  
  86  6:08  Probe  
  83  6:17  Fleet Beacon  
  83  6:18  Stargate  
  83  6:19  Stargate  
  81  6:30  Adept x2  
  81  6:31  Adept  
  81  6:33  Adept  
  65  6:40  Adept  
  65  6:44  Probe x2 (Chrono Boost)  
  64  6:50  Probe (Chrono Boost)  
  64  6:55  Probe x2 (Chrono Boost)  
  64  6:56  Sentry  
  64  6:57  Probe (Chrono Boost)  
  69  7:02  Probe x2  
  69  7:08  Probe  
  70  7:09  Stalker, Sentry  
  70  7:10  Stalker, Sentry  
  70  7:15  Void Ray (Chrono Boost)  
  70  7:16  Stalker  
  74  7:24  Sentry  
  81  7:40  Zealot x2  
  82  7:44  Gateway  
  82  7:57  Adept x2  
  86  7:58  Adept  
Show
View Real Time Build Order
Export as new Build Order

Denver Zerg - Winner!

Build Orders: Hatch First 

Get SALT Encoding   

  12  0:00  Drone  
  13  0:12  Overlord  
  13  0:17  Drone  
  14  0:31  Drone x2  
  16  0:48  Hatchery  
  15  0:53  Drone  
  15  0:56  Drone  
  17  0:59  Drone  
  18  1:09  Extractor  
  17  1:14  Spawning Pool  
  17  1:17  Drone  
  17  1:20  Drone  
  18  1:29  Drone  
  19  1:41  Drone  
  20  1:50  Overlord  
  20  2:01  Queen x2  
  20  2:02  Zergling x4  
  26  2:12  Drone x2, Metabolic Boost  
  28  2:21  Drone  
  28  2:22  Drone  
  30  2:35  Hatchery  
  29  2:38  Drone  
  29  2:40  Drone  
  31  2:45  Overlord  
  31  2:48  Drone  
  32  2:54  Queen  
  32  2:57  Drone  
  35  3:02  Drone  
  35  3:06  Drone x2  
  35  3:10  Drone x3  
  40  3:15  Queen  
  42  3:20  Overlord  
  42  3:24  Drone  
  43  3:32  Drone, Spore Crawler  
  43  3:38  Queen, Overlord  
  45  3:41  Drone  
  45  3:42  Drone x2  
  45  3:47  Overlord  
  48  3:49  Drone  
  48  3:50  Drone x2  
  51  3:55  Spore Crawler  
  51  3:59  Spore Crawler  
  51  4:01  Drone x3  
  52  4:04  Overlord  
  52  4:09  Zergling x6  
  55  4:14  Drone x2  
  55  4:15  Drone x2  
  59  4:21  Overlord  
  59  4:24  Drone x3  
  60  4:28  Drone  
  60  4:31  Lair  
  62  4:36  Roach Warren  
  61  4:39  Drone x3  
  61  4:40  Drone  
  61  4:42  Drone  
  61  4:43  Drone  
  67  4:45  Extractor  
  67  4:46  Extractor  
  67  4:49  Zergling x2  
  67  4:50  Zergling x6  
  67  4:51  Drone  
  70  4:54  Queen  
  70  4:57  Queen  
  74  5:02  Drone x4  
  74  5:05  Overlord  
  74  5:06  Extractor  
  77  5:09  Overlord  
  77  5:13  Overlord x2  
  77  5:18  Drone x5  
  82  5:27  Overlord  
  82  5:28  Glial Reconstitution  
  82  5:31  Queen  
  82  5:32  Queen  
  90  5:35  Roach x2  
  90  5:41  Roach x3  
  96  5:46  Zergling x10  
  100  5:52  Evolution Chamber  
  100  5:53  Roach  
  100  5:54  Roach x2  
  104  6:03  Evolution Chamber, Roach x4  
  107  6:09  Roach x3  
  108  6:13  Roach  
  108  6:15  Queen  
  110  6:21  Roach  
  110  6:22  Roach  
  112  6:31  Roach x3  
  110  6:40  Roach x3  
  111  6:49  Roach x6  
  111  6:52  Ravager  
  122  7:00  Overlord  
  122  7:02  Overlord  
  118  7:17  Roach x2  
  118  7:20  Queen x2  
  118  7:25  Roach x3  
  118  7:26  Roach x4  
  118  7:29  Overseer x2  
  128  7:31  Ravager  
  128  7:32  Zergling x2  
  128  7:33  Zergling x4  
  128  7:34  Ravager x2  
  134  7:37  Zergling x2  
  134  7:40  Overlord  
  137  7:45  Ravager  
  137  7:47  Overlord  
Tags
 
Add a new tag
Caveats
  • Supply blocks, unpowered buildings, or Contaminate may cause inaccurate times.
  • Supply counts are checked every 10 seconds.